 Dungeon Crawl Stone Soup version 0.30.1-4-g462c640d31 (webtiles) character file.

Game seed: 7061999237973509886

599529 Anriel the Eclecticist (level 27, 0/177 (182) HPs)
             Began as a Human Conjurer on Aug 9, 2023.
             Was the Champion of Vehumet.
             Slain by a bennu (15 damage)
             ... on level 2 of the Tomb of the Ancients on Aug 15, 2023.
             The game lasted 09:42:38 (73532 turns).

Anriel the Eclecticist (Human Conjurer)            Turns: 73532, Time: 09:42:38

HP:   0/177 (182)   AC: 21    Str: 12      XL:     27
MP:   52/52         EV: 25    Int: 45      God:    Vehumet [******]
Gold: 4816          SH:  0    Dex: 17 (18) Spells: 6/67 levels left

rFire   + . .        D - staff of cold "Itsabrasch" {rPois rC+ rN+++ Will- Int+4}
rCold   + + .        (no shield)
rNeg    + + +        G - +5 steam dragon scales
rPois   +            a - +3 hat of Pondering {ponderous, Will+ MP+10 Int+5}
rElec   .            S - +2 cloak of Duel {Will+ Stlth+}
rCorr   .            M - +2 pair of gloves {Dex+3}
SInv    +            w - +2 pair of slick slippers {slick, slippery, EV+4}
Will    ++++.        H - amulet of magic regeneration
Stlth   ++++         c - ring of Noekoh {rPois Int+5 SInv}
HPRegen 0.49/turn    I - ring of Rackiets {Will+ Int+4}
MPRegen 0.73/turn

%: no passive effects
@: brilliant, slowed, lightly drained, very slow
A: hooves 1, thin skeletal structure 1, cold resistance 1, fire resistance 1,
low MP 1, robust 1
}: 4/15 runes: decaying, serpentine, slimy, silver
a: Renounce Religion


You were on level 2 of the Tomb of the Ancients.
You worshipped Vehumet.
Vehumet was exalted by your worship.
You visited 12 branches of the dungeon, and saw 53 of its levels.
You visited 1 bazaar.
You also visited: Wizlab.

You collected 9271 gold pieces.
You spent 4455 gold pieces at shops.

Inventory:

Hand Weapons
 O - the +3 spear of Turmoil {drain, rF++ Will+ Dex+5}
   (You found it on level 5 of the Lair of Beasts)

   Dex:       It affects your dexterity (+5).
   rF:        It greatly protects you from fire.
   Will:      It increases your willpower.
Armour
 a - the +3 hat of Pondering (worn) {ponderous, Will+ MP+10 Int+5}
   (You bought it in a shop on level 9 of the Dungeon)

   Int:       It affects your intelligence (+5).
   MP:        It affects your magic capacity (+10).
   Will:      It increases your willpower.
 e - the +0 leather armour of the Hippo {Will++ Str+4}
   (You found it on level 1 of the Tomb of the Ancients)

   Str:       It affects your strength (+4).
   Will:      It greatly increases your willpower.
 w - the +2 pair of slick slippers (worn) {slick, slippery, EV+4}
   (You bought it in a shop in a bazaar)

   Slick:     Its wearer cannot be constricted, engulfed, netted or webbed.
   Slippery:  Its wearer slips away from damaging melee attacks, pulling the
   attacker onward.
   EV:        It affects your evasion (+4).
 G - +5 steam dragon scales (worn)
 M - a +2 pair of gloves of dexterity (worn)
 S - the +2 cloak of Duel (worn) {Will+ Stlth+}
   (You found it on level 12 of the Dungeon)

   Will:      It increases your willpower.
   Stlth:     It makes you more stealthy.
Magical Staves
 u - the staff of fire "Xinalan" {rF+ Dex+5}
   (You found it on level 5 of the Vaults)

   [staff of fire]

   Base accuracy: +5 Base damage: 5 Base attack delay: 1.2 This weapon's minimum
   attack delay (0.6) is reached at skill level 12.
   Dex:       It affects your dexterity (+5).
   rF:        It protects you from fire.
   It falls into the 'Staves' category.
   It is a one-handed weapon.
 D - the staff of cold "Itsabrasch" (weapon) {rPois rC+ rN+++ Will- Int+4}
   (You took it off a yaktaur in a wizard's laboratory)

   [staff of cold]

   Base accuracy: +5 Base damage: 5 Base attack delay: 1.2 This weapon's minimum
   attack delay (0.6) is reached at skill level 12.
   Int:       It affects your intelligence (+4).
   rC:        It protects you from cold.
   rPois:     It protects you from poison.
   rN:        It renders you almost immune to negative energy.
   Will:      It decreases your willpower.
   It falls into the 'Staves' category.
   It is a one-handed weapon.
 L - the staff of conjuration "Xostruq" {rF+ rCorr SInv}
   (You took it off a human on level 5 of the Vaults)

   [staff of conjuration]

   Base accuracy: +5 Base damage: 5 Base attack delay: 1.2 This weapon's minimum
   attack delay (0.6) is reached at skill level 12.
   rF:        It protects you from fire.
   SInv:      It lets you see invisible.
   rCorr:     It protects you from acid and corrosion.
   It falls into the 'Staves' category.
   It is a one-handed weapon.
 T - a staff of earth
 X - the staff of air "Viduwaz" {rElec Str+4 Dex+3}
   (You found it on level 5 of the Pits of Slime)

   [staff of air]

   Base accuracy: +5 Base damage: 5 Base attack delay: 1.2 This weapon's minimum
   attack delay (0.6) is reached at skill level 12.
   Str:       It affects your strength (+4).
   Dex:       It affects your dexterity (+3).
   rElec:     It insulates you from electricity.
   It falls into the 'Staves' category.
   It is a one-handed weapon.
Jewellery
 c - the ring of Noekoh (left hand) {rPois Int+5 SInv}
   (You bought it in a shop on level 2 of the Orcish Mines)

   [ring of see invisible]

   Int:       It affects your intelligence (+5).
   rPois:     It protects you from poison.
   SInv:      It lets you see invisible.
 d - a ring of flight
 s - the ring "Diemisen" {Str+3 Int+6}
   (You took it off a deep elf demonologist on level 5 of the Vaults)

   [ring of intelligence]

   Str:       It affects your strength (+3).
   Int:       It affects your intelligence (+6).
 H - an amulet of magic regeneration (around neck)
 I - the ring of Rackiets (right hand) {Will+ Int+4}
   (You found it on level 1 of the Elven Halls)

   [ring of willpower]

   Int:       It affects your intelligence (+4).
   Will:      It increases your willpower.
 K - a ring of magical power
Wands
 k - a wand of charming (64)
 r - a wand of mindburst (80)
 t - a wand of flame (185)
 y - a wand of digging (16)
 P - a wand of light (44)
 Q - a wand of roots (63)
 W - a wand of polymorph (47)
Scrolls
 g - 40 scrolls of identify
 l - 8 scrolls of magic mapping
 m - a scroll of silence
 p - a scroll of fear
 z - a scroll of butterflies
 N - 15 scrolls of fog
 U - 12 scrolls of teleportation
Potions
 f - 3 potions of resistance
 h - 4 potions of flight
 i - 5 potions of cancellation
 n - 18 potions of curing
 v - 7 potions of haste
 C - a potion of magic
 E - 6 potions of invisibility
 F - a potion of ambrosia
Miscellaneous
 b - a phantom mirror
 j - a lightning rod (4/4)
 B - a condenser vane


   Skills:
 - Level 3.0 Fighting
 - Level 15.3 Dodging
 - Level 3.0 Stealth
 - Level 20.6 Spellcasting
 * Level 19.7 Conjurations
 - Level 10.1 Hexes
 - Level 5.0 Translocations
 - Level 20.0 Fire Magic
 - Level 7.0 Ice Magic
 + Level 18.0 Air Magic
 + Level 19.0 Earth Magic
 - Level 10.0 Evocations


You had 6 spell levels left.
You knew the following spells:

 Your Spells              Type           Power      Damage    Failure   Level
a - Iskenderun's Mystic   Conj/Tloc      100%       2d19      1%          4
b - Iron Shot             Conj/Erth      73%        9d13      0%          6
c - Stone Arrow           Conj/Erth      100%       3d13      0%          3
d - Starburst             Conj/Fire      73%        6d19      0%          6
e - Fireball              Conj/Fire      73%        3d27      0%          5
f - Shock                 Conj/Air       100%       1d9       0%          1
g - Fire Storm            Conj/Fire      73%        8d19      3%          9
h - Flame Wave            Conj/Fire      100%       2d21      0%          4
i - Plasma Beam           Fire/Air       72%        2x1d98    1%          6
j - Lehudib's Crystal Sp  Conj/Erth      73%        10d16     1%          8
k - Chain Lightning       Conj/Air       72%        3d96      5%          9

Your spell library contained the following spells:

 Spells                   Type           Power      Damage    Failure   Level
 Foxfire                  Conj/Fire      100%       2x1d9     0%          1
 Magic Dart               Conj           100%       1d8       0%          1
 Sandblast                Erth           100%       2d20      0%          1
 Momentum Strike          Conj/Tloc      100%       3d10      0%          2
 Passwall                 Tmut/Erth      95%        N/A       0%          2
 Poisonous Vapours        Pois/Air       100%       N/A       0%          2
 Scorch                   Fire           100%       2d9       0%          2
 Searing Ray              Conj           100%       2d8       0%          2
 Dazzling Flash           Conj/Hex       100%       N/A       0%          3
 Hailstorm                Conj/Ice       100%       3d20      0%          3
 Inner Flame              Hex/Fire       100%       N/A       0%          3
 Mephitic Cloud           Conj/Pois/Air  100%       N/A       0%          3
 Vhi's Electric Charge    Tloc/Air       100%       N/A       0%          3
 Volatile Blastmotes      Fire/Tloc      100%       2d18      0%          3
 Fulminant Prism          Conj/Hex       67%        3d28      0%          4
 Leda's Liquefaction      Hex/Erth       66%        N/A       0%          4
 Sticky Flame             Conj/Fire      100%       2d11      0%          4
 Arcjolt                  Conj/Air       72%        1d82      0%          5
 Iskenderun's Battlesphe  Conj           100%       2d15      0%          5
 Lee's Rapid Deconstruct  Erth           72%        3d33*     0%          5
 Beastly Appendage        Tmut           100%       N/A       1%          1
 Freeze                   Ice            100%       1d10      1%          1
 Necrotise                Necr           100%       1d9       1%          1
 Sting                    Tmut/Pois      100%       1d8       1%          1
 Blink                    Tloc           100%       N/A       1%          2
 Cigotuvi's Dreadful Rot  Necr/Pois/Air  100%       N/A       1%          2
 Ensorcelled Hibernation  Hex/Ice        100%       N/A       1%          2
 Lesser Beckoning         Tloc           100%       N/A       1%          2
 Sublimation of Blood     Necr           62%        N/A       1%          2
 Wereblood                Tmut           62%        N/A       1%          2
 Call Canine Familiar     Summ           62%        N/A       1%          3
 Frozen Ramparts          Ice            100%       1d16      1%          3
 Ignite Poison            Fire/Tmut/Pois 100%       N/A       1%          3
 Ozocubu's Armour         Ice            100%       N/A       1%          3
 Portal Projectile        Hex/Tloc       100%       N/A       1%          3
 Spider Form              Tmut/Pois      62%        N/A       1%          3
 Teleport Other           Tloc           95%        N/A       1%          3
 Vampiric Draining        Necr           62%        2d10      1%          3
 Anguish                  Hex/Necr       47%        N/A       1%          4
 Animate Armour           Summ/Erth      100%       N/A       1%          4
 Ice Form                 Ice/Tmut       100%       N/A       1%          4
 Manifold Assault         Tloc           95%        N/A       1%          4
 Olgreb's Toxic Radiance  Pois           62%        N/A       1%          4
 Petrify                  Tmut/Erth      100%       N/A       1%          4
 Summon Ice Beast         Ice/Summ       100%       N/A       1%          4
 Summon Lightning Spire   Summ/Air       100%       N/A       1%          4
 Freezing Cloud           Conj/Ice/Air   79%        6-21      1%          5
 Metabolic Englaciation   Hex/Ice        67%        N/A       1%          5
 Summon Mana Viper        Hex/Summ       95%        N/A       1%          5
 Conjure Ball Lightning   Conj/Air       72%        3x3d27    1%          6
 Statue Form              Tmut/Erth      76%        N/A       1%          6
 Animate Dead             Necr           62%        N/A       4%          4
 Dispel Undead            Necr           62%        3d22      4%          4
 Summon Forest            Summ/Tloc      40%        N/A       4%          5
 Dispersal                Tloc           47%        N/A       9%          6
 Agony                    Necr           62%        N/A       12%         5
 Alistair's Intoxication  Tmut/Pois      41%        N/A       12%         5
 Simulacrum               Ice/Necr       54%        N/A       16%         6
 Death Channel            Necr           31%        N/A       54%         6
 Summon Cactus Giant      Summ           31%        N/A       54%         6
 Orb of Destruction       Conj           73%        9d17      1%          7
 Ignition                 Fire           74%        3d19      1%          8
 Maxwell's Capacitive Co  Air            71%        ∞         1%          8
 Ozocubu's Refrigeration  Ice            64%        4d21      5%          7
 Shatter                  Erth           72%        3d53*     5%          9
 Storm Form               Tmut/Air       56%        N/A       9%          7
 Discord                  Hex            58%        N/A       41%         8
 Haunt                    Necr/Summ      31%        N/A       98%         7
 Monstrous Menagerie      Summ           31%        N/A       98%         7
 Summon Hydra             Summ           31%        N/A       98%         7
 Disjunction              Tloc           47%        N/A       98%         8
 Polar Vortex             Ice            64%        N/A       99%         9
 Infestation              Necr           31%        N/A       100%        8
 Necromutation            Tmut/Necr      31%        N/A       100%        8


Dungeon Overview and Level Annotations

Branches:
Dungeon (15/15)            Temple (1/1) D:6            Lair (5/5) D:11
  Swamp (4/4) Lair:3        Snake (4/4) Lair:3        Slime (5/5) Lair:5
    Orc (2/2) D:9             Elf (3/3) Orc:2        Vaults (5/5) D:14
  Crypt (3/3) Vaults:3       Tomb (2/3) Crypt:3      Depths (4/4) D:15
    Zot (0/5) Depths:4     WizLab (visited)

Altars:
Ashenzari
Cheibriados
Dithmenos
Elyvilon
Fedhas
Gozag
Hepliaklqana
Kikubaaqudgha
Makhleb
Nemelex Xobeh
Okawaru
Qazlal
Ru
Sif Muna
Trog
Uskayaw
Vehumet
Wu Jian
Xom
Yredelemnul
Zin
The Shining One
Jiyva
Lugonu

Shops:
D:7 *   D:9 [:   D:14 [   Orc:2 *??=:!([:   Elf:2 (   Elf:3 !:[=   Snake:1 :=:
Snake:2 =   Vaults:1 [   Vaults:3 (   Depths:1 [

Portals:
Hell: Depths:1 Depths:2 Depths:3 Depths:4
Abyss: Lair:5 Depths:3 Depths:4
Pandemonium: Depths:1 Depths:2 Depths:4
Ziggurat: Depths:4


Innate Abilities, Weirdness & Mutations

You have large cloven feet.
You have a somewhat thin skeletal structure. (Dex +2, Stealth+)
Your flesh is cold resistant. (rC+)
Your flesh is heat resistant. (rF+)
Your magical capacity is low. (-10% MP)
You are robust. (+10% HP)


Message History

The bennu claws you but does no damage. The death scarab completely misses you.
The royal mummy gestures at you while chanting.
Something smites you!
* * * LOW HITPOINT WARNING * * *
You feel much better.
The death scarab bites you but does no damage.
The bennu completely misses you. The bennu closely misses you.
The bennu barely misses you. The bennu closely misses you.
The bennu claws you but does no damage. x2; The death scarab misses you.
The bennu misses you. The bennu claws you but does no damage.
The bennu closely misses you.
Press: ? - help, v - describe, . - travel
Here: a bennu (moderately wounded)
The floor.
As you read the scroll of butterflies, it crumbles to dust.
You hear the flapping of tiny wings.
The death scarab is knocked back by the sudden gust.
The caustic shrike zombie is knocked back by the sudden gust.
The bennu is knocked back by the sudden gust.
The death scarab is knocked back by the sudden gust.
The death scarab disappears in a puff of smoke!
The death scarab bites you!
* * * LOW HITPOINT WARNING * * *
The death scarab drains your vigour!
You feel as though you will be slow longer.
The bennu completely misses you. The bennu misses you. The bennu claws you.
* * * LOW HITPOINT WARNING * * *
Something hits your butterfly.
Your butterfly dies!
Your butterfly disappears in a burst of colours!
The death scarab barely misses you.
You swap places.
A guardian mummy and a mummy come into view.
The death scarab bites your butterfly.
Your butterfly dies!
Your butterfly disappears in a burst of colours!
The bennu pecks you but does no damage. The bennu claws you!
* * * LOW HITPOINT WARNING * * *
The bennu misses you. The bennu pecks you!
You die...

^.##M......##M.M..#
.. #.MZ....##.....#
.........$.°.s.#
.....M..........#
.......§<.#######
.......##M#^bb..#
.......##BZbbb..#
......##bb#^..9.#
....[ #@b#.§...#
...b.Mbbb# #'###
.M....b..# §^.
'######### $§# #


You could see a royal mummy, a bennu (ally target), a guardian mummy
(wandering), a death scarab (summoned), a mummy and a caustic shrike zombie
(summoned).

Vanquished Creatures
  the Royal Jelly (Slime:5)
  A dread lich (Depths:2)
  4 ancient liches (Vaults:5)
  Mennas (Vaults:3)
  4 royal mummies
  Josephina (Crypt:2)
  Boris (Crypt:2)
  Bai Suzhen (Crypt:2)
  A caustic shrike (Depths:4)
  the Lernaean hydra (Swamp:4)
  Saint Roka (Crypt:2)
  Xtahua (Crypt:2)
  A profane servitor (Crypt:3)
  Nikola (Swamp:4)
  3 golden dragons (Vaults:5)
  2 bone dragons
  A Tzitzimitl (Tomb:2)
  Zenata (Crypt:2)
  An Ice Fiend (Depths:3)
  Jorgrun (Swamp:3)
  The ghost of McKennaii the Eclecticist, an adept DgCj (Elf:3)
  7 tentacled monstrosities
  2 liches
  Rupert (D:14)
  2 deep elf blademasters (Elf:3)
  A walking earthen tome (Depths:4)
  2 quicksilver dragons (Vaults:5)
  Asterion (Depths:2)
  4 deep elf master archers
  A walking frostbound tome (Depths:4)
  23 acid blobs
  3 titans
  7 sphinxes
  11 ancient champions (Crypt:3)
  A storm dragon (Vaults:5)
  Kirke (D:14)
  The ghost of Peloso the Peltast, an adept MiFi of Okawaru (Elf:1)
  Agnes (D:14)
  4 tengu reavers (Vaults:5)
  6 thorn hunters
  Roxanne (Elf:2)
  Donald (Swamp:3)
  9 revenants
  14 rockslimes
  3 shadow dragons
  13 azure jellies
  6 fire giants
  8 fenstrider witches
  3 deep elf sorcerers (Elf:3)
  2 iron dragons
  15 vault wardens
  Louise (Swamp:3)
  5 curse skulls
  10 ghouls
  5 frost giants
  The ghost of LaMa the Champion of Chaos, a journeyman DrIE of Makhleb (Elf:1)
  4 deep elf elementalists (Elf:3)
  A draconian stormcaller (Depths:4)
  28 ironbound preservers
  A cacodemon (Elf:3)
  Aizul (Snake:2)
  A reaper (Crypt:3)
  4 spriggan defenders
  9 quicksilver oozes
  2 orc warlords
  A war gargoyle (Vaults:5)
  13 stone giants
  33 very ugly things
  14 ironbound thunderhulks
  3 green draconians
  10 deep elf demonologists
  8 vampire knights
  7 deep elf annihilators
  5 eleionomae
  A purple draconian (Depths:4)
  7 dire elephants
  2 spark wasps (Depths:3)
  2 white draconians (Depths:4)
  3 eidola
  4 bunyips
  8 deep elf death magi
  4 jiangshi (Crypt:3)
  A green death (Depths:1)
  A fire dragon (Depths:4)
  10 ettins
  2 crystal guardians
  13 mummy priests
  14 yaktaur captains
  8 deep elf high priests
  10 great orbs of eyes
  2 rakshasas
  2 spriggan zombies
  An entropy weaver (Vaults:1)
  4 salamander tyrants
  4 shambling mangroves
  2 peacekeepers
  34 vault guards
  8 ice dragons
  2 spriggan air magi (Swamp:4)
  19 hydras
  2 ghost crabs
  17 anacondas
  The ghost of TwoHeadsTalk the Nimble, a journeyman FeSu of Gozag (Orc:2)
  12 centaur warriors
  8 ironbound frosthearts
  4 two-headed ogres
  13 alligators
  2 death knights (Crypt:1)
  A hell hog (Depths:4)
  The ghost of Sensen the Thaumaturge, a novice DgEE (Orc:2)
  11 vampire magi
  27 dancing weapons
  9 deep troll shamans
  A titan zombie (Crypt:3)
  7 boulder beetles
  6 satyrs (WizLab)
  6 tengu warriors
  2 thrashing horrors (Lair:5)
  7 deep troll earth magi
  5 orc high priests (Orc:2)
  11 naga warriors
  4 shock serpents
  13 naga sharpshooters
  A shock serpent (shapeshifter) (Depths:4)
  4 soul eaters
  13 spriggan berserkers
  10 hell knights
  A titan skeleton (D:15)
  14 deep elf knights
  2 skysharks (shapeshifter)
  3 shadow wraiths
  7 iron trolls
  3 sun demons
  A deep troll (shapeshifter) (Vaults:5)
  32 skeletal warriors
  7 salamander mystics
  7 spriggan druids
  2 sea snakes (Snake:3)
  71 deep trolls
  4 bog bodies
  15 deep elf archers
  A quicksilver dragon simulacrum (Depths:3)
  6 glowing orange brains
  A shadow demon (Depths:4)
  6 flayed ghosts
  13 swamp dragons
  A swamp dragon (shapeshifter) (Elf:3)
  An obsidian statue (Swamp:1)
  4 necromancers
  16 phantasmal warriors
  12 wizards
  14 lindwurms
  12 orc knights
  A sphinx zombie (Crypt:2)
  2 spriggan simulacra (Crypt:2)
  4 naga ritualists
  12 mana vipers
  15 ironbound convokers
  A mana viper (shapeshifter) (Elf:3)
  2 oklob plants (WizLab)
  A will-o-the-wisp (Swamp:1)
  6 shining eyes
  26 deep elf pyromancers
  32 deep elf zephyrmancers
  A human zombie (Vaults:2)
  50 ugly things
  26 salamanders
  4 orc sorcerers
  2 fauns (WizLab)
  A salamander (shapeshifter) (D:14)
  7 cyclopes
  A sphinx skeleton (D:15)
  2 stone giant zombies
  3 elephants (Lair:3)
  39 black mambas
  13 naga magi
  5 guardian serpents (Snake:4)
  3 rust devils
  2 guardian serpents (shapeshifter)
  2 fire giant skeletons
  A frost giant skeleton (D:15)
  A water nymph (shapeshifter) (Elf:1)
  2 naga zombies (Crypt:3)
  An ice statue (Snake:1)
  9 smoke demons
  16 vault sentinels
  A death yak zombie (Crypt:3)
  3 eyes of devastation
  2 gargoyles
  7 cane toads
  2 centaur skeletons
  A yaktaur zombie (Vaults:2)
  A torpor snail (Lair:4)
  Maggie (D:10)
  An alligator snapping turtle skeleton (Crypt:2)
  A black draconian zombie (Crypt:3)
  A storm dragon simulacrum (Crypt:3)
  38 yaktaurs
  A kobold demonologist (D:8)
  A white draconian zombie (Crypt:2)
  2 rime drakes (Lair:4)
  14 komodo dragons
  9 freezing wraiths
  A spectral skyshark (Lair:3)
  A tengu conjurer (Depths:1)
  An efreet (D:15)
  A catoblepas skeleton (Crypt:1)
  A steelbarb worm zombie (Crypt:3)
  3 ancient zymes (Lair:5)
  12 guardian mummies
  6 trolls
  2 ice devils (Depths:4)
  A sea snake skeleton (Crypt:2)
  A polar bear (shapeshifter) (Elf:3)
  2 polar bears
  20 hornets
  3 bloated husks
  A tarantella (shapeshifter) (Elf:3)
  A sphinx simulacrum (Depths:3)
  2 harpy skeletons
  A dream sheep (shapeshifter) (Vaults:5)
  A boulder beetle zombie (Crypt:1)
  An ettin zombie (Crypt:1)
  6 tyrant leeches
  29 blink frogs
  A satyr zombie (Crypt:2)
  A spectral dream sheep (Lair:3)
  12 dream sheep
  A large abomination (Lair:5)
  A jumping spider (Vaults:1)
  6 ushabtiu
  Sigmund (D:2)
  12 flying skulls
  15 spriggans
  5 air elementals
  73 yaks
  A shadow (D:12)
  A spectral black mamba (Lair:3)
  124 slime creatures
  7 water elementals
  5 wraiths
  2 fire elementals
  2 ynoxinuls (Lair:5)
  3 wyverns
  A yak (shapeshifter) (Elf:2)
  7 basilisks
  A basilisk (shapeshifter) (Elf:3)
  3 neqoxecs
  2 spectral komodo dragons (Lair:3)
  16 humans (D:14)
  A human (shapeshifter) (Vaults:5)
  10 small abominations (Lair:5)
  4 fire bats (Depths:4)
  5 steam dragons
  25 golden eyes
  A hog (shapeshifter) (D:15)
  26 vampire mosquitoes
  3 chaos spawn
  Edmund (D:4)
  Menkaure (D:4)
  A redback (Vaults:1)
  A two-headed ogre zombie (Crypt:2)
  4 wargs
  35 nagas
  An acid dragon (D:11)
  12 swamp worms
  15 water moccasins
  A spectral polar bear (Lair:3)
  A deep troll skeleton (Crypt:1)
  A floating eye (Depths:2)
  12 swamp drakes
  A naga skeleton (Crypt:3)
  A glowing shapeshifter skeleton (Vaults:2)
  4 black bears
  An elephant zombie (Crypt:3)
  2 sky beasts
  46 orc warriors
  3 ice beasts
  9 ogres
  A wolf (Lair:2)
  A lindwurm skeleton (Crypt:3)
  6 centaurs
  A phantom (D:6)
  A kobold brigand (D:10)
  A rime drake skeleton (Crypt:2)
  Blork the orc (D:4)
  14 bullfrogs
  3 gnoll sergeants
  5 necrophages
  7 scorpions
  2 earth elementals
  A naga simulacrum (Crypt:2)
  15 wights
  A raiju zombie (Crypt:3)
  12 killer bees
  6 electric eels
  4 howler monkeys
  9 jellies
  28 orc priests
  3 hounds
  3 iguanas
  A sleepcap (D:8)
  Jessica (D:2)
  Ijyb (D:3)
  A boggart zombie (Crypt:3)
  15 orc wizards
  2 hell rats (Lair:4)
  A statue (D:11)
  23 mummies
  14 gnolls
  10 adders
  11 river rats (Lair:4)
  2 shadow imps
  An adder zombie (Crypt:2)
  A jelly zombie (Crypt:1)
  An iguana skeleton (Crypt:1)
  A worm (D:4)
  A dart slug (D:2)
  79 orcs
  6 endoplasms
  2 giant cockroaches (D:1)
  8 goblins
  11 hobgoblins
  12 kobolds
  4 quokkas
  A quokka (shapeshifter) (Elf:3)
  8 ball pythons
  9 bats
  A dart slug zombie (Crypt:2)
  4 frilled lizards
  2 jackal skeletons
  7 rats
  A spectral weapon (Depths:2)
2347 creatures vanquished.

Vanquished Creatures (collateral kills)
  A sphinx (Tomb:1)
1 creature vanquished.

Vanquished Creatures (others)
  A spriggan air mage (Swamp:4)
  A hydra (Swamp:2)
  A water elemental (Elf:1)
  A harpy simulacrum (Crypt:2)
  An orc priest (Orc:1)
  An orc wizard (D:3)
  9 fire vortices
  2 foxfires (Swamp:1)
  2 fulminant prisms
19 creatures vanquished.

Grand Total: 2367 creatures vanquished

Notes
Turn   | Place    | Note
-------+----------+-------------------------------------------
     0 | D:1      | Anriel the Human Conjurer began the quest for the Orb.
     0 | D:1      | Reached XP level 1. HP: 13/13 MP: 3/3
   198 | D:1      | Reached skill level 1 in Fighting
   198 | D:1      | Reached XP level 2. HP: 21/21 MP: 0/5
   428 | D:1      | Reached XP level 3. HP: 26/26 MP: 1/6
   673 | D:1      | Learned a level 2 spell: Searing Ray
  1035 | D:1      | Learned a level 3 spell: Stone Arrow
  1381 | D:2      | Reached XP level 4. HP: 33/33 MP: 2/7
  1705 | D:2      | Noticed Sigmund
  2053 | D:2      | Noticed Jessica
  2058 | D:2      | Killed Jessica
  2059 | D:2      | Reached XP level 5. HP: 41/41 MP: 2/8
  2655 | D:3      | Noticed Ijyb
  2705 | D:3      | Found a faded altar of an unknown god.
  2710 | D:3      | Found a radiant altar of Vehumet.
  2956 | D:3      | Reached XP level 6. HP: 46/47 MP: 1/10
  3291 | D:3      | Found an iron altar of Okawaru.
  3370 | D:3      | Killed Ijyb
  3543 | D:2      | Killed Sigmund
  3544 | D:2      | Reached XP level 7. HP: 52/52 MP: 3/12
  3727 | D:4      | Noticed Blork the orc
  3737 | D:4      | Killed Blork the orc
  4041 | D:4      | Reached skill level 5 in Conjurations
  4303 | D:4      | Noticed Menkaure
  4535 | D:3      | Became a worshipper of Vehumet
  4601 | D:4      | Found a sacrificial altar of Ru.
  4631 | D:4      | Noticed Edmund
  4658 | D:4      | Killed Edmund
  4659 | D:4      | Reached skill level 1 in Earth Magic
  4938 | D:4      | Killed Menkaure
  4939 | D:4      | Reached skill level 5 in Spellcasting
  4939 | D:4      | Reached XP level 8. HP: 25/58 MP: 5/15
  5187 | D:5      | Entered Level 5 of the Dungeon
  5266 | D:5      | Learned a level 4 spell: Fulminant Prism
  5271 | D:5      | Learned a level 4 spell: Iskenderun's Mystic Blast
  5303 | D:5      | Reached skill level 1 in Hexes
  5805 | D:5      | Reached skill level 5 in Dodging
  6649 | D:6      | Reached XP level 9. HP: 63/63 MP: 8/16
  6707 | D:6      | Reached * piety under Vehumet
  6707 | D:6      | Offered knowledge of Shock by Vehumet.
  6713 | D:6      | Learned a level 1 spell: Shock
  6839 | D:6      | Found a staircase to the Ecumenical Temple.
  6845 | Temple   | Entered the Ecumenical Temple
  7230 | D:6      | Reached skill level 5 in Earth Magic
  7683 | D:6      | Reached skill level 1 in Air Magic
  7704 | D:6      | Reached skill level 5 in Hexes
  7894 | D:6      | Reached skill level 1 in Translocations
  8293 | D:6      | Found a blossoming altar of Fedhas.
  8294 | D:6      | Found an ancient bone altar of Kikubaaqudgha.
  8553 | D:7      | Reached XP level 10. HP: 70/70 MP: 10/17
  8984 | D:7      | Found Xyovuh's Gadget Gallery.
  9133 | D:7      | Reached skill level 5 in Air Magic
  9576 | D:7      | Reached ** piety under Vehumet
  9576 | D:7      | Offered knowledge of Kiss of Death by Vehumet.
  9904 | D:7      | You fall into a shaft and drop 3 floors!
  9904 | D:10     | Entered Level 10 of the Dungeon
 10039 | D:10     | Noticed Maggie
 10045 | D:10     | Killed Maggie
 10046 | D:10     | Reached skill level 5 in Translocations
 10284 | D:9      | Noticed a two-headed ogre
 10588 | D:9      | Found a staircase to the Orcish Mines.
 10588 | D:9      | Found Xuqobbel's Armour Emporium.
 10736 | D:9      | Killed a two-headed ogre
 10842 | D:9      | Reached XP level 11. HP: 75/75 MP: 9/19
 11021 | D:9      | Bought the +3 hat of Pondering {ponderous, Will+ MP+10
                  | Int+5} for 381 gold pieces
 11021 | D:9      | Found the +3 hat of Pondering {ponderous, Will+ MP+10
                  | Int+5}
 11146 | D:9      | Offered knowledge of Inner Flame by Vehumet.
 11151 | D:9      | Learned a level 3 spell: Inner Flame
 11316 | D:9      | Found Dudus's Book Shoppe.
 11652 | D:8      | HP: 3/75 [cloud of flame (21)]
 11711 | D:8      | Reached skill level 1 in Fire Magic
 11965 | D:8      | Reached *** piety under Vehumet
 12116 | D:8      | Noticed a cyclops
 12123 | D:8      | Killed a cyclops
 12209 | D:8      | Noticed a skeletal warrior
 12212 | D:8      | Found a blossoming altar of Fedhas.
 12212 | D:8      | Found a basalt altar of Yredelemnul.
 12212 | D:8      | Found a glowing silver altar of Zin.
 12212 | D:8      | Found an ancient bone altar of Kikubaaqudgha.
 12212 | D:8      | Noticed a five-headed hydra
 12219 | D:8      | Noticed a boulder beetle
 12219 | D:8      | Noticed a cyclops
 12219 | D:8      | Identified the ring "Bosmig" {rF+ Dex+6}
 12219 | D:8      | Noticed a boulder beetle
 12233 | D:8      | Identified the +10 quarterstaff of Etucwef {venom, rF+ rN+
                  | Str-2}
 12234 | D:8      | Killed a cyclops
 12245 | D:8      | Noticed a five-headed hydra
 12281 | D:8      | Found a shimmering blue altar of Sif Muna.
 12281 | D:8      | Found a broken altar of Ashenzari.
 12291 | D:8      | Offered knowledge of Olgreb's Toxic Radiance by Vehumet.
 12420 | D:8      | Found a stormy altar of Qazlal.
 12421 | D:8      | Found a white marble altar of Elyvilon.
 12436 | D:8      | Found a glowing silver altar of Zin.
 12438 | D:8      | Found an ornate altar of the Wu Jian Council.
 12442 | D:8      | Found a shadowy altar of Dithmenos.
 12574 | D:8      | Killed a five-headed hydra
 12858 | D:8      | Killed a skeletal warrior
 12859 | D:8      | Reached XP level 12. HP: 81/81 MP: 11/22
 12965 | D:8      | Killed a boulder beetle
 12966 | D:8      | Reached skill level 5 in Fire Magic
 13091 | D:8      | Killed a boulder beetle
 13310 | D:8      | Killed a five-headed hydra
 13683 | Orc:1    | Entered Level 1 of the Orcish Mines
 13858 | D:9      | Noticed a two-headed ogre
 13866 | D:9      | Killed a two-headed ogre
 14268 | D:10     | Learned a level 4 spell: Flame Wave
 14558 | D:10     | Reached **** piety under Vehumet
 14600 | D:10     | Noticed a two-headed ogre
 14606 | D:10     | Killed a two-headed ogre
 14607 | D:10     | Offered knowledge of Lee's Rapid Deconstruction by Vehumet.
 14748 | D:10     | Learned a level 5 spell: Lee's Rapid Deconstruction
 15088 | D:11     | Noticed a boulder beetle
 15182 | D:11     | Killed a boulder beetle
 15356 | D:11     | Found a radiant altar of Vehumet.
 15480 | D:11     | Reached skill level 10 in Conjurations
 15488 | D:11     | Reached XP level 13. HP: 80/86 MP: 14/25
 15677 | D:11     | Found a staircase to the Lair.
 15903 | D:9      | Bought a +2 cloak of preservation for 215 gold pieces
 16941 | D:12     | Identified the +10 falchion "Funtoettue" {freeze, rElec rF-
                  | Int+3}
 17109 | D:12     | Identified the +2 cloak of Duel {Will+ Stlth+}
 17763 | D:13     | Noticed a centaur warrior
 17775 | D:13     | Killed a centaur warrior
 17925 | D:13     | Reached ***** piety under Vehumet
 17949 | D:13     | Offered knowledge of Freezing Cloud by Vehumet.
 18533 | D:14     | Noticed Rupert
 18533 | D:14     | Noticed a centaur warrior
 18533 | D:14     | Noticed a centaur warrior
 18533 | D:14     | Found a gate to the Vaults.
 18685 | D:14     | Killed a centaur warrior
 18691 | D:14     | Killed Rupert
 18731 | D:13     | Reached skill level 10 in Spellcasting
 18875 | D:14     | Killed a centaur warrior
 18876 | D:14     | Reached XP level 14. HP: 70/93 MP: 28/28
 19091 | D:14     | Found Umuerois's Antique Armour Shop.
 19367 | D:14     | Noticed Agnes
 19379 | D:14     | Killed Agnes
 20010 | D:14     | Noticed Kirke
 20021 | D:14     | Killed Kirke
 20396 | D:14     | Learned a level 3 spell: Hailstorm
 20407 | D:15     | Entered Level 15 of the Dungeon
 20417 | D:15     | Reached skill level 10 in Dodging
 21600 | D:15     | Reached XP level 15. HP: 90/98 MP: 29/29
 21604 | D:15     | Identified the +3 whip of a Gauntlet {spect, rElec}
 22025 | D:15     | Found a staircase to the Depths.
 23120 | Orc:2    | Entered Level 2 of the Orcish Mines
 23120 | Orc:2    | Found Raomogesh's Antique Armour Shop.
 23120 | Orc:2    | Found Woniczip's Book Emporium.
 23127 | Orc:2    | Found Luiwk's Antique Weapon Shop.
 23149 | Orc:2    | Found a runed translucent gate.
 23149 | Orc:2    | Found a runed translucent gate.
 23149 | Orc:2    | Found a runed translucent gate.
 23149 | Orc:2    | Noticed TwoHeadsTalk's ghost (journeyman FeSu)
 23152 | Orc:2    | Noticed Sensen's ghost (novice DgEE)
 23189 | Orc:2    | Killed TwoHeadsTalk's ghost
 23198 | Orc:2    | Killed Sensen's ghost
 23455 | Orc:2    | Found Tite's Distillery.
 23458 | Orc:2    | Found Weufuim's Book Shop.
 23474 | Orc:2    | Bought a potion of brilliance for 44 gold pieces
 23542 | Orc:2    | Noticed an orc warlord
 23546 | Orc:2    | Offered knowledge of Starburst by Vehumet.
 23558 | Orc:2    | Killed an orc warlord
 23559 | Orc:2    | Reached skill level 10 in Earth Magic
 23733 | Orc:2    | Reached skill level 10 in Fire Magic
 23860 | Orc:2    | Reached skill level 1 in Ice Magic
 24759 | Orc:2    | Found Weemuym's Jewellery Shoppe.
 24759 | Orc:2    | Found Wepolyn's General Store.
 24760 | Orc:2    | Found Qamity's Magic Scroll Emporium.
 24760 | Orc:2    | Found Xiub's Magic Scroll Shoppe.
 24771 | Orc:2    | Bought the ring of Noekoh {rPois Int+5 SInv} for 403 gold
                  | pieces
 24777 | Orc:2    | Bought a scroll of enchant armour for 82 gold pieces
 24778 | Orc:2    | Bought a scroll of blinking for 75 gold pieces
 24968 | Orc:2    | Bought a faintly humming robe for 125 gold pieces
 24968 | Orc:2    | Identified the +1 robe of Fudofiaq {*Corrode Str+3} (You
                  | bought it in a shop on level 2 of the Orcish Mines)
 24968 | Orc:2    | Bought a pair of runed gloves for 165 gold pieces
 25001 | Orc:2    | Found a staircase to the Elven Halls.
 25751 | D:15     | Upgraded the game from 0.30.1-3-gfc49f6343a to
                  | 0.30.1-4-g462c640d31
 25758 | D:15     | Learned a level 6 spell: Starburst
 25864 | Lair:1   | Entered Level 1 of the Lair of Beasts
 26161 | Lair:1   | Reached skill level 10 in Air Magic
 26849 | Lair:2   | Learned a level 4 spell: Iskenderun's Mystic Blast
 27395 | Lair:2   | Reached skill level 5 in Ice Magic
 27407 | Lair:2   | Reached XP level 16. HP: 68/104 MP: 24/30
 27932 | Lair:3   | Reached ****** piety under Vehumet
 28193 | Lair:3   | Offered knowledge of Iskenderun's Battlesphere by Vehumet.
 28620 | Lair:3   | Identified the +1 robe of Charity {rCorr}
 28643 | Lair:3   | Found a staircase to the Snake Pit.
 29105 | Lair:3   | Found a staircase to the Swamp.
 30113 | Lair:4   | Identified a scroll of acquirement
 30586 | Lair:4   | Offered knowledge of Iron Shot by Vehumet.
 30759 | Lair:4   | Acquired 1330 gold pieces
 30781 | Lair:5   | Entered Level 5 of the Lair of Beasts
 30781 | Lair:5   | Found a staircase to the Slime Pits.
 30784 | Lair:5   | Reached skill level 1 in Evocations
 30841 | Lair:5   | Learned a level 6 spell: Iron Shot
 31645 | Lair:5   | Found a corrupted altar of Lugonu.
 31645 | Lair:5   | Found a one-way gate to the infinite horrors of the Abyss.
 32331 | Lair:5   | Found a viscous altar of Jiyva.
 32906 | Lair:5   | Identified the +3 spear of Turmoil {drain, rF++ Will+
                  | Dex+5}
 33384 | D:9      | Bought a book of the Spheres for 810 gold pieces
 33474 | Orc:2    | Bought a potion of haste for 110 gold pieces
 33478 | Orc:2    | Bought a book of Annihilations for 780 gold pieces
 33550 | Orc:2    | Bought a +6 ring of intelligence for 396 gold pieces
 34000 | Swamp:1  | Entered Level 1 of the Swamp
 34039 | Swamp:1  | Reached XP level 17. HP: 60/109 MP: 15/31
 34180 | Swamp:1  | Reached skill level 5 in Evocations
 34186 | Swamp:1  | Found a transporter.
 34187 | Swamp:1  | Noticed a thorn hunter
 34189 | Swamp:1  | Identified the +2 broad axe "Rufyuroc" {heavy, Int+2}
 34191 | Swamp:1  | Noticed a thorn hunter
 34192 | Swamp:1  | Noticed a thorn hunter
 34192 | Swamp:1  | Noticed a thorn hunter
 34192 | Swamp:1  | Identified the +5 falchion of the Malding Madman {spect,
                  | Fly rElec rPois}
 34192 | Swamp:1  | Identified the ring of the Vendetta {rPois rC+ MP+9 Int-3
                  | Dex+6}
 34199 | Swamp:1  | Found a transporter.
 34375 | Swamp:1  | Offered knowledge of Irradiate by Vehumet.
 34607 | Swamp:1  | Noticed a thorn hunter
 34610 | Swamp:1  | Reached skill level 10 in Hexes
 34794 | Swamp:1  | Killed a thorn hunter
 35537 | Swamp:2  | Learned a level 5 spell: Fireball
 35780 | Swamp:3  | Noticed Louise
 35787 | Swamp:3  | Killed Louise
 35806 | Swamp:3  | Noticed Donald
 35881 | Swamp:3  | Killed Donald
 36339 | Swamp:3  | Noticed Jorgrun
 36346 | Swamp:3  | Killed Jorgrun
 36421 | Swamp:4  | Entered Level 4 of the Swamp
 36440 | Swamp:4  | Noticed Nikola
 36760 | Swamp:4  | Killed Nikola
 36761 | Swamp:4  | Reached XP level 18. HP: 60/115 MP: 11/34
 36947 | Swamp:4  | Offered knowledge of Plasma Beam by Vehumet.
 37140 | Swamp:4  | Noticed the 27-headed Lernaean hydra
 37228 | Swamp:4  | Learned a level 6 spell: Plasma Beam
 37268 | Swamp:4  | Killed the 27-headed Lernaean hydra
 37413 | Swamp:4  | Got a decaying rune of Zot
 37897 | Snake:1  | Entered Level 1 of the Snake Pit
 37964 | Snake:1  | Found Icits's Book Boutique.
 37965 | Snake:1  | Found Foaqeohi's Jewellery Emporium.
 37966 | Snake:1  | Found Viggasoch's Book Boutique.
 38463 | Snake:1  | Found a gateway to a bazaar.
 38862 | Snake:2  | Found Cyviuti's Jewellery Shoppe.
 38889 | Snake:2  | Noticed Aizul
 38891 | Snake:2  | Offered knowledge of Lehudib's Crystal Spear by Vehumet.
 38894 | Snake:2  | Killed Aizul
 39755 | Snake:3  | Reached XP level 19. HP: 121/121 MP: 33/36
 40570 | Snake:3  | Learned a level 8 spell: Lehudib's Crystal Spear
 41280 | Snake:4  | Entered Level 4 of the Snake Pit
 42175 | Snake:4  | Identified the +1 dagger of the Bruised Mystics {flame,
                  | rF+}
 42322 | Snake:4  | Found an ornate altar of the Wu Jian Council.
 42876 | Snake:4  | Offered knowledge of Polar Vortex by Vehumet.
 42876 | Snake:4  | Offered knowledge of Maxwell's Capacitive Coupling by
                  | Vehumet.
 43025 | Snake:4  | Reached skill level 15 in Spellcasting
 43029 | Snake:4  | Reached XP level 20. HP: 117/127 MP: 36/39
 43091 | Snake:4  | Got a serpentine rune of Zot
 44342 | Elf:1    | Entered Level 1 of the Elven Halls
 45306 | Elf:1    | Found a runed translucent gate.
 45306 | Elf:1    | Found a runed translucent gate.
 45306 | Elf:1    | Found a runed translucent gate.
 45307 | Elf:1    | Noticed LaMa's ghost (journeyman DrIE)
 45308 | Elf:1    | Noticed Peloso's ghost (adept MiFi)
 45316 | Elf:1    | Killed LaMa's ghost
 45320 | Elf:1    | Killed Peloso's ghost
 45377 | Elf:1    | Identified the ring of Rackiets {Will+ Int+4}
 45842 | Elf:2    | Found Nueffom's Weapon Shop.
 45926 | Elf:2    | Found a runed translucent gate.
 45926 | Elf:2    | Found a runed translucent gate.
 45926 | Elf:2    | Found a runed translucent gate.
 45983 | Elf:2    | Paralysed by an air elemental for 1 turns
 46036 | Elf:1    | Found a radiant altar of Vehumet.
 46158 | Elf:2    | Identified Roxanne's Excursus on Reconstruction
 46158 | Elf:2    | Noticed Roxanne
 46164 | Elf:2    | Killed Roxanne
 46445 | Elf:2    | Acquired the staff of fire "Qaino" {rF+ Dex+3}
 47079 | Elf:3    | Entered Level 3 of the Elven Halls
 47089 | Elf:3    | Reached XP level 21. HP: 132/132 MP: 40/40
 47101 | Elf:3    | Found a runed translucent gate.
 47102 | Elf:3    | Found a runed translucent gate.
 47112 | Elf:3    | Found a runed translucent gate.
 47147 | Elf:3    | Found Jawkuece's Armour Emporium.
 47147 | Elf:3    | Found Avud Coff's Book Shoppe.
 47170 | Elf:3    | Found Vur Vigh's Jewellery Emporium.
 47171 | Elf:3    | Found Suef's Distillery.
 47181 | Elf:3    | Reached skill level 15 in Fire Magic
 47283 | Elf:3    | Bought a potion of heal wounds for 55 gold pieces
 47283 | Elf:3    | Bought a potion of brilliance for 44 gold pieces
 47816 | Elf:3    | Found a runed translucent gate.
 47816 | Elf:3    | Found a runed translucent gate.
 47825 | Elf:3    | Found a runed translucent gate.
 47825 | Elf:3    | Noticed McKennaii's ghost (adept DgCj)
 47845 | Elf:3    | HP: 2/132 [disintegration (76)]
 47851 | Elf:3    | Killed McKennaii's ghost
 47864 | Elf:3    | Identified the +4 cloak "Ahiaryc" {rF++}
 47866 | Elf:3    | Gained mutation: Armour fits poorly on your strangely
                  | shaped body. [mutagenic glow]
 47875 | Elf:3    | Gained mutation: You are robust. (+10% HP) [mutagenic glow]
 48289 | Elf:3    | Reached skill level 15 in Dodging
 48289 | Elf:3    | Reached skill level 15 in Conjurations
 48482 | Elf:3    | Identified the staff of poison "Joruduag" {rPois rN++
                  | Stlth+}
 48526 | Elf:3    | Identified the amulet of Jinuk {Spirit *Slow Str+4 Int+8
                  | Dex-4}
 48551 | Elf:3    | Identified the +7 sling of the Hero {heavy, rC+ rN++ Str-2
                  | Dex+2}
 48557 | Elf:3    | Identified the +9 short sword "Oluho" {drain, rC++ Int+2}
 48559 | Elf:3    | Identified the +4 scale mail of Ustest {Contam rPois
                  | Slay+5}
 48697 | Elf:3    | Identified the ring "Voclozoz" {rCorr Str+2 Stlth+}
 48699 | Elf:3    | Identified the staff of earth "Nyaxef" {Drain rElec rC+}
 49336 | Bazaar   | Entered a bazaar
 49336 | Bazaar   | Found Horghey's Book Boutique.
 49336 | Bazaar   | Found Otufiede's Book Boutique.
 49340 | Bazaar   | Found Besogul's Distillery.
 49346 | Bazaar   | Found Vihilue's Armour Emporium.
 49356 | Bazaar   | Bought the +2 pair of slick slippers {slick, slippery,
                  | EV+4} for 536 gold pieces
 49356 | Bazaar   | Found the +2 pair of slick slippers {slick, slippery, EV+4}
 49408 | Bazaar   | Found Veprar's General Store.
 49436 | Bazaar   | Bought a potion of heal wounds for 90 gold pieces
 49436 | Bazaar   | Bought a potion of cancellation for 144 gold pieces
 49797 | Slime:1  | Entered Level 1 of the Pits of Slime
 50175 | Slime:2  | Reached XP level 22. HP: 151/151 MP: 41/41
 50551 | Slime:1  | Reached skill level 15 in Earth Magic
 51933 | Slime:4  | Gained mutation: You occasionally lose the ability to read
                  | scrolls when taking damage. [a shining eye]
 52148 | Slime:5  | Entered Level 5 of the Pits of Slime
 52407 | Slime:5  | Noticed the Royal Jelly
 52419 | Slime:5  | Killed the Royal Jelly
 53031 | Slime:5  | Gained mutation: You are weak. (Str -2) [a shining eye]
 53240 | Slime:5  | Got a slimy rune of Zot
 53288 | Slime:5  | Identified the ring "Neollol" {EV+5 Dex+5 Stlth+}
 53303 | Slime:5  | Identified the +5 short sword "Spiderslayer" {heavy, rPois
                  | rN+ Will+ SInv}
 53316 | Slime:5  | Identified the ring of the Invisible Hand {*Slow Fly Will+
                  | Dex+3 SInv}
 53321 | Slime:5  | Got the Spellbook of Displacement
 53361 | Slime:5  | Identified the staff of air "Viduwaz" {rElec Str+4 Dex+3}
 53363 | Slime:5  | Identified the ring of Usimi {Fire rCorr SInv}
 53733 | D:15     | Lost mutation: You occasionally lose the ability to read
                  | scrolls when taking damage. [potion of mutation]
 53733 | D:15     | Lost mutation: You are weak. (Str -2) [potion of mutation]
 53733 | D:15     | Lost mutation: You are robust. (+10% HP) [potion of
                  | mutation]
 53733 | D:15     | Gained mutation: Your skin changes colour to match your
                  | surroundings (Stealth+). [potion of mutation]
 53733 | D:15     | Gained mutation: You have sharp fingernails. [potion of
                  | mutation]
 53733 | D:15     | Gained mutation: You are robust. (+10% HP) [potion of
                  | mutation]
 53734 | D:15     | Lost mutation: You have sharp fingernails. [potion of
                  | mutation]
 53734 | D:15     | Lost mutation: Your skin changes colour to match your
                  | surroundings (Stealth+). [potion of mutation]
 53734 | D:15     | Gained mutation: Your movements are slightly less
                  | encumbered by armour. (ER -2) [potion of mutation]
 53734 | D:15     | Gained mutation: You have large cloven feet. [potion of
                  | mutation]
 53735 | D:15     | Lost mutation: Your movements are slightly less encumbered
                  | by armour. (ER -2) [potion of mutation]
 53735 | D:15     | Lost mutation: Armour fits poorly on your strangely shaped
                  | body. [potion of mutation]
 53735 | D:15     | Gained mutation: Your flesh is cold resistant. (rC+)
                  | [potion of mutation]
 53735 | D:15     | Gained mutation: You have a somewhat thin skeletal
                  | structure. (Dex +2, Stealth+) [potion of mutation]
 53735 | D:15     | Gained mutation: Your flesh is heat resistant. (rF+)
                  | [potion of mutation]
 53746 | Depths:1 | Entered Level 1 of the Depths
 53950 | Depths:1 | Reached XP level 23. HP: 128/155 MP: 26/42
 54251 | Depths:1 | Found Reus's Antique Armour Shop.
 54284 | Depths:1 | Found an ancient bone altar of Kikubaaqudgha.
 54339 | Depths:1 | Found a gateway to Hell.
 54501 | Depths:1 | Found a one-way gate leading to the halls of Pandemonium.
 54501 | Depths:1 | Gained mutation: Your magical capacity is low. (-10% MP) [a
                  | neqoxec]
 54567 | Depths:1 | Found a stormy altar of Qazlal.
 54917 | Depths:2 | Found a magical portal.
 54941 | Depths:2 | Noticed Asterion
 54944 | WizLab   | Entered Eringya's Formal Garden
 55239 | WizLab   | Got the Tome of Sweltering Transformation
 55510 | WizLab   | Found a blossoming altar of Fedhas.
 55836 | WizLab   | Identified the staff of cold "Itsabrasch" {rPois rC+ rN+++
                  | Will- Int+4}
 55952 | Depths:2 | Killed Asterion
 56490 | Depths:2 | Noticed a dread lich
 56494 | Depths:2 | Killed a dread lich
 57084 | Depths:3 | Reached XP level 24. HP: 165/165 MP: 5/37
 57189 | Depths:3 | Found the +8 frozen axe "Frostbite" {freeze, freezing
                  | cloud, *Noise Fly rC+}
 57744 | Depths:4 | Entered Level 4 of the Depths
 57744 | Depths:4 | Noticed a caustic shrike
 57744 | Depths:4 | Noticed a caustic shrike
 57744 | Depths:4 | Noticed a caustic shrike
 57824 | Depths:4 | Found a one-way gateway to a ziggurat.
 57946 | Depths:4 | Noticed a caustic shrike
 57961 | Depths:4 | Found a shadowy altar of Dithmenos.
 57967 | Depths:4 | Noticed a caustic shrike
 57969 | Depths:4 | Noticed a caustic shrike
 58020 | Depths:4 | Killed a caustic shrike
 58021 | Depths:4 | Reached skill level 10 in Evocations
 58376 | Depths:4 | Reached skill level 15 in Air Magic
 59037 | Depths:4 | Identified the +3 shortbow "Boedyb" {heavy, Dex+3}
 59564 | Depths:4 | Found a gate to the Realm of Zot.
 60228 | Vaults:1 | Entered Level 1 of the Vaults
 60502 | Vaults:1 | Identified the +8 mace "Deffypeh" {drain, rF+ Str+3}
 60691 | Vaults:1 | Found Queleun's Armour Shop.
 60698 | Vaults:1 | Reached XP level 25. HP: 159/170 MP: 33/39
 63800 | Vaults:3 | Reached XP level 26. HP: 135/177 MP: 40/40
 64041 | Vaults:3 | Noticed Mennas
 64055 | Vaults:3 | Killed Mennas
 64198 | Vaults:3 | Found Kaqopy's Antique Weapon Shoppe.
 64635 | Vaults:3 | Found a staircase to the Crypt.
 66027 | Vaults:4 | Identified the +1 arbalest "Leel" {penet, Str+6}
 66124 | Vaults:5 | Entered Level 5 of the Vaults
 66126 | Vaults:5 | Noticed an ancient lich
 66128 | Vaults:5 | Noticed an ancient lich
 66134 | Vaults:5 | Killed an ancient lich
 66137 | Vaults:5 | Killed an ancient lich
 66473 | Vaults:5 | Reached XP level 27. HP: 181/182 MP: 42/42
 66806 | Vaults:5 | Identified the +0 scale mail "Mytul" {+Inv Int+3}
 67003 | Vaults:5 | Identified the ring "Diemisen" {Str+3 Int+6}
 67023 | Vaults:5 | Identified the staff of fire "Xinalan" {rF+ Dex+5}
 67024 | Vaults:5 | Identified the +8 great sword "Zedyx" {heavy, Int+3}
 67138 | Vaults:5 | Noticed an ancient lich
 67142 | Vaults:5 | Killed an ancient lich
 67216 | Vaults:5 | Noticed an ancient lich
 67221 | Vaults:5 | Killed an ancient lich
 67316 | Vaults:5 | Identified the +8 flail of Amiocrirgh {flame, rElec rPois
                  | rC+}
 67323 | Vaults:5 | Identified the staff of conjuration "Xostruq" {rF+ rCorr
                  | SInv}
 67529 | Vaults:5 | Identified the +7 arbalest "Cukezxow" {speed, Drain rN+
                  | MP+9 Dex+2}
 67568 | Vaults:5 | Identified the +5 long sword "Neonim" {holy, *Slow rC+
                  | rCorr Dex+3}
 67694 | Vaults:5 | Identified the +0 plate armour of Wusithromm {Fly Will+
                  | Dex+3}
 67699 | Vaults:5 | Got a silver rune of Zot
 67946 | Vaults:5 | Learned a level 9 spell: Fire Storm
 67956 | Vaults:5 | Learned a level 9 spell: Chain Lightning
 68398 | Crypt:1  | Entered Level 1 of the Crypt
 68602 | Crypt:1  | Identified the +0 robe "Uptuh" {Dex+2 Archmagi}
 69090 | Crypt:2  | Noticed Xtahua
 69093 | Crypt:2  | Killed Xtahua
 69103 | Crypt:2  | Noticed Bai Suzhen
 69109 | Crypt:2  | Killed Bai Suzhen
 69173 | Crypt:2  | Noticed Boris
 69177 | Crypt:2  | Killed Boris
 69185 | Crypt:2  | Noticed Zenata
 69198 | Crypt:2  | Killed Zenata
 69469 | Crypt:2  | Identified the ring of Wiezi {Ice rCorr Dex+4}
 69469 | Crypt:2  | Noticed Josephina
 69478 | Crypt:2  | Killed Josephina
 69694 | Crypt:2  | Noticed Saint Roka
 69697 | Crypt:2  | Killed Saint Roka
 70321 | Crypt:3  | Entered Level 3 of the Crypt
 71047 | Crypt:3  | Identified the ring "Ihuaxt" {Wiz rC+}
 71511 | Crypt:3  | Found a basalt altar of Yredelemnul.
 71514 | Crypt:3  | Found an ancient bone altar of Kikubaaqudgha.
 71588 | Crypt:3  | Identified the ring "Plog" {rN+ Str+4 Int+3 Dex-3}
 71661 | Crypt:3  | Identified the ring "Ygrac" {rC+ rN+ Str+2}
 71840 | Crypt:3  | Found a staircase to the Tomb.
 72651 | Tomb:1   | Entered Level 1 of the Tomb of the Ancients
 73069 | Tomb:1   | Noticed a royal mummy
 73076 | Tomb:1   | Killed a royal mummy
 73105 | Tomb:1   | Noticed a royal mummy
 73111 | Tomb:1   | Killed a royal mummy
 73124 | Tomb:1   | Noticed a royal mummy
 73128 | Tomb:1   | Killed a royal mummy
 73489 | Tomb:1   | Identified the +0 leather armour of the Hippo {Will++
                  | Str+4}
 73513 | Tomb:2   | Noticed a royal mummy
 73514 | Tomb:2   | Noticed a royal mummy
 73516 | Tomb:2   | Noticed a royal mummy
 73517 | Tomb:2   | Noticed a royal mummy
 73517 | Tomb:2   | Noticed a royal mummy
 73524 | Tomb:2   | Killed a royal mummy
 73529 | Tomb:2   | HP: 7/176 [royal mummy/divine providence (10)]
 73532 | Tomb:2   | Slain by a bennu

Illustrated notes

Levels and vault maps discovered:
D:1:      minmay_arrival_widening_spiral_wide, layout_basic, skrybe_limestone_x,
          hangedman_decor_opposing
D:2:      layout_loops_ring, kennysheep_generic_room_13, uniq_sigmund,
          uniq_jessica
D:3:      layout_basic, nicolae_overflow_ecumenical_swirl, lemuel_tele_altar,
          minmay_misc_feat_rows, minmay_misc_feat_hallway, uniq_ijyb
D:4:      layout_basic, nicolae_ru_path_of_blood, abandoned_shop,
          chequers_garden, minmay_misc_feat_roman, amethyst_killhole,
          nicolae_concentric_dashed_squares_mild, uniq_edmund, uniq_menkaure,
          uniq_blork_the_orc
D:5:      layout_basic, serial_curves, eino_curves_01, eino_curves_03,
          eino_curves_03, eino_curves_02
D:6:      layout_loops_corners, grunt_temple_overflow_growth_and_decay,
          temple_green
D:7:      layout_layer_cave, nicolae_shop_gadgets
D:8:      minmay_the_grid_octo_tiled_octocenter [minmay_the_grid_octo_77,
          minmay_the_grid_octo_tetromino_candy, minmay_the_grid_octo_horde,
          minmay_the_grid_octo_shrine, minmay_the_grid_octo_prize_big_c,
          minmay_the_grid_square_5x5_inner_i, minmay_the_grid_square_5x5_lines,
          minmay_the_grid_square_5x5_meh, minmay_the_grid_square_5x5_n_small],
          layout_loops_ring, nicolae_overflow_hallway_of_the_gods
D:9:      layout_basic, orc_david_3, serial_shops, shop, grunt_ministairs_5,
          dk_noncrumbling_3
D:10:     layout_loops_ring, kennysheep_donut, kennysheep_diamond, uniq_maggie
D:11:     layout_basic, due_lair_maze_entry_diamond, serial_co_window_serial,
          co_window_paths_a, co_window_paths_b, co_window_of_opportunity_a,
          co_window_paths_a, co_window_paths_a, co_window_corner_a,
          co_window_paths_b, co_window_2corner, co_window_corner_cb,
          co_window_corner_b, co_window_unsneaky_path_a, co_window_broadway_c,
          co_window_paths_d, co_window_4corner_b, glass_columns_b,
          vehumet_statue
D:12:     layout_loops_ring
D:13:     layout_rooms
D:14:     layout_stronghold, david_vaults_3, serial_shops,
          nicolae_shop_window_shopping, minmay_misc_feat_five, uniq_agnes,
          uniq_kirke
D:15:     gammafunk_depths_entry_grave, layout_basic, minmay_misc_feat_room,
          minmay_lindwurm_lava
Temple:   zaba_magenta_temple
Lair:1:   layout_regular_city
Lair:2:   layout_cave_pods, beast_lair_carwin_5
Lair:3:   layout_loops_ring, nicolae_swamp_entry_spooky,
          minmay_snake_entry_guardpost_small, grunt_megastairs_4,
          serial_bayou_shore_b
Lair:4:   layout_regular_city, kennysheep_rathole
Lair:5:   hellmonk_lair_end_abyssal_woods, layout_hall_layers,
          nicolae_slime_entry_field_trip, lemuel_fruit_fields
Swamp:1:  gammafunk_sealed_arena, layout_falls_marsh, evilmike_swamp_ruin_wall,
          nicolae_swamp_treefoil, swamp_pool2
Swamp:2:  layout_falls_marsh, evilmike_swamp_ruin_rubble_1, hangedman_swamp_dais
Swamp:3:  layout_falls_marsh, nicolae_swamp_ascending_descending, uniq_donald,
          uniq_jorgrun, uniq_louise
Swamp:4:  swamp, layout_basic_swamp, infiniplex_staircase_pool, uniq_nikola
Snake:1:  layout_misc_corridors, serial_shops, statue_bzr, minmay_shop_grove,
          grunt_megastairs_3, serial_bayou_shore_b
Snake:2:  layout_layer_cave, nicolae_stop_n_shop_2, lemuel_fruit_tree,
          grunt_megastairs_2, uniq_aizul
Snake:3:  nicolae_snake_attic_fulla_snakes, layout_chambers,
          serial_bayou_shore_a
Snake:4:  snake_pit_salamanders_mu, layout_chambers, basic_altar
Slime:1:  layout_caves
Slime:2:  layout_caves, nicolae_slime_barrier
Slime:3:  cheibrodos_slime_lost_civilization_9, layout_caves
Slime:4:  layout_caves
Slime:5
Orc:1:    layout_caves
Orc:2:    st_orc_pillars, layout_diamond_mine, serial_shops, shop,
          nicolae_shop_tiny_real_fake_doors, shop, shop, shop,
          gammafunk_ghost_cemetery
Elf:1:    nicolae_elf_arrival_aired_out, layout_loops_corners,
          gammafunk_ghost_cemetery, kennysheep_underground_church,
          lemuel_upstairs_altar
Elf:2:    elven_hall_of_blades_hangedman_original [grunt_blade_entry_basic],
          layout_onion_city, serial_shops, nicolae_shop_behind_doors,
          uniq_roxanne
Elf:3:    elf_hall, layout_geoelf_castle,
          ploomutoo_gammafunk_ghost_potion_laboratory, minmay_shoptagon
Vaults:1: nicolae_vaults_inception_corners,
          nicolae_vaults_taking_the_gang_shopping, vaults_room_pools,
          nicolae_vaults_variable_pillar_hall, nicolae_vaults_mini_display_case,
          nicolae_vaults_shipping_containers_7, layout_vaults_omnigrid
Vaults:2: nicolae_vaults_stepped_doors, vaults_mumra_hex,
          nicolae_vaults_rhombus_5, nicolae_vaults_octagons,
          nicolae_vaults_little_squares_4, grunt_vaults_focal,
          grunt_vaults_trifunnel, grunt_vaults_swirl, hangedman_vaults_stream,
          nicolae_vaults_closet_pinwheel_3, vaults_room_stairs_pillars,
          nicolae_vaults_house_1, nicolae_vaults_tangram_1,
          layout_vaults_omnibox
Vaults:3: v_pattern_1, v_misc_30, hangedman_vaults_slice, grunt_vaults_diagonal,
          nicolae_vaults_little_squares_6, vaults_mumra_hexcomb,
          nicolae_vaults_variable_pillar_hall,
          nicolae_vaults_storage_room_statues, v_misc_32,
          vaults_standard_mumra_lines, minmay_crypt_entry_simple_corners,
          layout_vaults_chaotic_city, serial_shops,
          nicolae_shop_pleasant_corner_grove, uniq_mennas
Vaults:4: vaults_room_boxed, nicolae_vaults_weapon_check,
          nicolae_vaults_angled_halls, vaults_room_door_ring,
          nicolae_vaults_enemy_cabinets, nicolae_vaults_tetromino_T_2,
          nicolae_vaults_yaktaur_gun_rack, v_misc_2, nicolae_vaults_tangram_2,
          nicolae_vaults_closet_pinwheel_1, nicolae_vaults_diamond_1,
          nicolae_vaults_closet_pinwheel_3, nicolae_vaults_swerve,
          layout_vaults_ring
Vaults:5: serial_shops
Crypt:1:  layout_rooms
Crypt:2:  layout_regular_city, uniq_saint_roka, uniq_boris, uniq_zenata,
          uniq_bai_suzhen, uniq_xtahua, uniq_josephina
Crypt:3:  lightli_unholy_cathedral, layout_chaotic_city,
          nicolae_tomb_entry_rubble_hallway
Tomb:1
Tomb:2
Depths:1: layout_cave_pools, rand_demon_pan_entry_9, serial_shops, shop,
          hell_entry, nicolae_qazlal_general_emergency,
          minmay_misc_feat_columns, kennysheep_vampire_church
Depths:2: hellmonk_paralyzer, layout_gridlike, infiniplex_enter_wizlab_glasses,
          grunt_metal_band, rand_demon_pan_entry_7, uniq_asterion
Depths:3: minmay_coctagon, layout_cave_shapes, hell_entry, abyss_entry_crystal,
          infiniplex_staircase_pool_1
Depths:4: evilmike_zot_entry_basic, layout_honeycomb, enter_ziggurat_f,
          hellmouth_3, grunt_pan_entry_in_and_out, abyss_entry,
          grunt_dithmenos_smoke

Skill      XL: |  1  2  3  4  5  6  7  8  9 10 11 12 13 14 15 16 17 18 19 20 21 22 23 24 25 26 27 |
---------------+----------------------------------------------------------------------------------+-----
Fighting       | 1 2 3 |  3.0
Stealth        | 3 |  3.0
Dodging        | 3 4 5 6 7 9 10 11 12 13 15 | 15.3
Spellcasting   | 3 5 6 8 10 12 13 15 16 18 19 20 | 20.6
Conjurations   | 5 6 8 10 11 12 13 14 15 16 17 19 | 19.7
Earth Magic    | 1 3 5 7 8 9 10 11 12 13 14 15 17 19 | 19.0
Hexes          | 3 5 6 7 8 9 10 | 10.1
Air Magic      | 3 5 8 10 12 14 15 16 18 | 18.0
Translocations | 2 5 |  5.0
Fire Magic     | 4 6 8 9 10 11 12 13 14 15 16 17 18 19 20 | 20.0
Ice Magic      | 5 7 |  7.0
Evocations     | 4 5 7 9 10 | 10.0

Action                     |  1- 3 |  4- 6 |  7- 9 | 10-12 | 13-15 | 16-18 | 19-21 | 22-24 | 25-27 || total
---------------------------+-------+-------+-------+-------+-------+-------+-------+-------+-------++-------
  Melee: Unarmed           |     1 |       |       |       |       |       |       |       |       ||     1
         Dagger            |    16 |    27 |     9 |     9 |    26 |     2 |       |       |       ||    89
         Punch             |       |       |     1 |     1 |     1 |       |       |       |     1 ||     4
         Staff             |       |       |     1 |     1 |     3 |     1 |     4 |     8 |    23 ||    41
  Throw: Throwing net      |       |       |       |     1 |       |     4 |       |       |     1 ||     6
   Cast: Magic Dart        |    60 |    70 |    83 |     6 |       |       |       |       |       ||   219
         Searing Ray       |       |    11 |    16 |     7 |     3 |       |       |       |       ||    37
         Stone Arrow       |       |       |    53 |   178 |   427 |   254 |   103 |   102 |   119 ||  1236
         Shock             |       |       |    34 |   182 |   204 |   170 |    15 |    16 |    17 ||   638
         Fulminant Prism   |       |       |     1 |       |     1 |       |       |       |       ||     2
         Inner Flame       |       |       |       |    11 |    14 |     7 |     8 |       |       ||    40
         Lee's Rapid Decon |       |       |       |     7 |    55 |       |       |       |       ||    62
         Flame Wave        |       |       |       |       |    22 |     7 |     2 |     5 |     2 ||    38
         Hailstorm         |       |       |       |       |    10 |       |       |       |       ||    10
         Iskenderun's Myst |       |       |       |       |     4 |    44 |    24 |    20 |    26 ||   118
         Starburst         |       |       |       |       |     1 |    60 |    29 |    45 |    39 ||   174
         Iron Shot         |       |       |       |       |       |   180 |   216 |   122 |   180 ||   698
         Fireball          |       |       |       |       |       |    73 |   104 |   116 |   209 ||   502
         Plasma Beam       |       |       |       |       |       |     5 |     6 |   167 |   289 ||   467
         Lehudib's Crystal |       |       |       |       |       |       |    30 |    68 |    71 ||   169
         Fire Storm        |       |       |       |       |       |       |       |       |     7 ||     7
         Chain Lightning   |       |       |       |       |       |       |       |       |     2 ||     2
  Evoke: Wand              |       |       |       |       |     8 |     6 |     5 |     8 |     4 ||    31
    Use: Scroll            |     3 |     4 |    16 |    14 |    18 |    13 |     6 |    15 |     3 ||    92
         Potion            |       |     2 |     4 |     6 |    15 |     6 |    13 |    15 |    13 ||    74
   Stab: Sleeping          |     2 |     1 |     2 |     2 |     3 |       |     1 |       |       ||    11
 Armour: Robe              |     6 |     9 |     6 |     4 |       |       |       |       |       ||    25
         Steam dragon scal |       |       |       |    32 |   119 |    93 |    59 |    61 |    72 ||   436
  Dodge: Dodged            |    12 |    26 |    37 |    89 |   252 |   168 |   148 |   217 |   256 ||  1205
  Block: Other             |       |       |       |       |     2 |    15 |       |       |       ||    17
         Reflection        |       |       |       |       |       |     1 |     1 |       |       ||     2
         Buckler           |       |       |       |       |       |       |     1 |       |       ||     1
